 Dungeon Crawl Stone Soup version 0.25-a0-110-ge29c8f2358 (webtiles) character file.

Game seed: 6450014970601962004, levelgen mode: deterministic

223 floatRand the Sneak (level 5, -3/27 HPs)
             Began as a Spriggan Berserker on Nov 19, 2019.
             Was a Priest of Trog.
             Killed from afar by an orc wizard (10 damage)
             ... with a magic dart
             ... on level 3 of the Dungeon.
             The game lasted 00:05:54 (2605 turns).

floatRand the Sneak (Spriggan Berserker)            Turns: 2605, Time: 00:05:55

Health: -3/27      AC:  3    Str: 13    XL:     5   Next: 66%
Magic:  6/6        EV: 20    Int:  9    God:    Trog [***...]
Gold:   117        SH:  0    Dex: 16    Spells: 4/4 levels left

rFire    . . .     SeeInvis +   a - +0 short sword
rCold    . . .     Gourm    .   (shield restricted)
rNeg     . . .     Faith    .   b - +0 animal skin
rPois    .         Spirit   .   (helmet restricted)
rElec    .         Reflect  .   j - +0 cloak
rCorr    .         Harm     .   (gloves unavailable)
MR       .....                  (boots unavailable)
Stlth    +++.......             (no amulet)
HPRegen  0.09/turn              (no ring)
MPRegen  0.10/turn              (no ring)

@: very quick
A: very small, unfitting armour, see invisible, herbivore, speed 3, slow
metabolism 2
a: Berserk, Trog's Hand, Renounce Religion


You were on level 3 of the Dungeon.
You worshipped Trog.
Trog was most pleased with you.
You were not hungry.

You visited 1 branch of the dungeon, and saw 3 of its levels.

You collected 117 gold pieces.

Inventory:

Hand Weapons
 a - a +0 short sword (weapon)
 p - a +0 hunting sling
 u - a +0 long sword
Missiles
 y - 18 sling bullets
Armour
 b - a +0 animal skin (worn)
 j - a +0 cloak (worn)
Scrolls
 d - 2 scrolls of identify
 e - a scroll of blinking {unknown}
 f - a scroll of teleportation {unknown}
 g - a scroll of amnesia {unknown}
 h - a scroll of enchant armour {unknown}
 i - 2 scrolls of remove curse {unknown}
 m - 2 scrolls of enchant weapon {unknown}
 t - a scroll of noise {unknown}
 v - a scroll of random uselessness {unknown}
 x - a scroll of fear {unknown}
Potions
 k - a potion of haste
 l - 5 potions of curing
 n - 2 potions of lignification
 o - a potion of flight
 q - a potion of might
 s - a potion of ambrosia {unknown}
 w - a potion of resistance
 z - a potion of magic {unknown}
Comestibles
 c - 6 rations


   Skills:
 - Level 2.6 Fighting
 + Level 4.6 Short Blades
 - Level 5.0 Dodging
 * Level 6.6 Stealth


You had 4 spell levels left.
You didn't know any spells.
Your spell library was empty.

Dungeon Overview and Level Annotations

Branches:
Dungeon (3/15)

Altars:
Kikubaaqudgha
Makhleb


Innate Abilities, Weirdness & Mutations

You are very small and have problems with some larger weapons.
You are too small for most types of armour.
You have supernaturally acute eyesight. (SInv)
You are a herbivore.
You cover ground extremely quickly.
You need to consume almost no food.


Message History

You barely miss the orc priest.
The orc priest is moderately wounded.
You hit the orc priest but do no damage.
The orc priest is moderately wounded.
The orc priest hits you with a +0 club.
You puncture the orc priest!
The orc priest is severely wounded.
The orc priest completely misses you.
You hit the orc priest but do no damage.
The orc priest is severely wounded.
The orc priest invokes the aid of Beogh against you.
Beogh smites you!
Ouch! That really hurt!
* * * LOW HITPOINT WARNING * * *
You hit the orc priest.
You kill the orc priest!
Trog accepts your kill.
The orc wizard gestures at you while chanting.
The magic dart hits you!
You die...

##.#####.####
..# #.# #.# #)#
##.## #.#
##...## #.#
#.....# #†#
#...# #.# ##.##
#.# #.# #
#.#####@######.
.
#.......)$.o...
.
##############.
#


You could see an orc wizard.

Vanquished Creatures
  2 orc priests (D:3)
  An orc wizard (D:3)
  3 gnolls (D:3)
  2 adders (D:3)
  An ooze (D:1)
  3 worms
  2 dart slugs
  2 leopard geckos (D:3)
  9 orcs (D:3)
  4 giant cockroaches
  5 goblins
  10 hobgoblins
  2 jackals (D:2)
  2 kobolds (D:1)
  A ball python (D:3)
  12 bats
  2 frilled lizards
  4 rats
67 creatures vanquished.

Notes
Turn   | Place    | Note
-------+----------+-------------------------------------------
     0 | D:1      | floatRand the Spriggan Berserker began the quest for the
                  | Orb.
     0 | D:1      | Reached XP level 1. HP: 11/11 MP: 2/2
   208 | D:1      | Reached XP level 2. HP: 16/16 MP: 3/3
   257 | D:1      | Reached skill level 5 in Dodging
   565 | D:1      | Reached skill level 1 in Stealth
   870 | D:2      | Reached skill level 2 in Stealth
   890 | D:2      | Reached ** piety under Trog
   890 | D:2      | Reached XP level 3. HP: 11/19 MP: 4/4
  1205 | D:2      | Found a burning altar of Makhleb.
  1205 | D:2      | Noticed a blizzard demon
  1208 | D:2      | Noticed a hellwing
  1208 | D:2      | Noticed a ynoxinul
  1239 | D:2      | Reached skill level 3 in Stealth
  1428 | D:2      | Found an ancient bone altar of Kikubaaqudgha.
  1793 | D:3      | Reached skill level 4 in Stealth
  1793 | D:3      | Reached XP level 4. HP: 23/23 MP: 5/5
  1872 | D:3      | Reached skill level 5 in Stealth
  2267 | D:3      | Reached XP level 5. HP: 27/27 MP: 6/6
  2307 | D:3      | Reached *** piety under Trog
  2307 | D:3      | Reached skill level 6 in Stealth
  2605 | D:3      | Killed from afar by an orc wizard

Levels and vault maps discovered:
D:1:      dpeg_arrival_rooms_a, layout_loops_ring
D:2:      layout_rooms, lemuel_round_altar, makhleb_altar_promises_db
D:3:      layout_loops_ring

Skill      XL: |  1  2  3  4  5 |
---------------+----------------+-----
Dodging        | 5 |  5.0
Stealth        | 2 4 5 6 |  6.6
Short Blades   | 4 |  4.6
Fighting       | |  2.6

Action                   |  1- 3 |  4- 6 || total
-------------------------+-------+-------++-------
Melee: Short sword       |   142 |    95 ||   237
 Fire: Hunting sling     |    15 |       ||    15
Invok: Berserk           |     1 |     2 ||     3
  Use: Scroll            |     5 |       ||     5
 Stab: Sleeping          |     2 |     3 ||     5
  Eat: Ration            |       |     2 ||     2
Armor: Animal skin       |    14 |     6 ||    20
Dodge: Dodged            |   100 |    71 ||   171

Table legend:
 A = Non-vault XP
 B = Vault XP
 C = Vault XP percentage of total XP
 D = Non-vault monster count
 E = Vault monster count
 F = Vault count percentage of total count
                 A         B        C        D         E       F
            +---------+---------+-------+---------+---------+-------
      Total |     319 |       0 |   0.0 |      67 |       0 |   0.0
            +---------+---------+-------+---------+---------+-------
        D:1 |      32 |       0 |   0.0 |      16 |       0 |   0.0
        D:2 |      37 |       0 |   0.0 |      17 |       0 |   0.0
        D:3 |     250 |       0 |   0.0 |      34 |       0 |   0.0
            +---------+---------+-------+---------+---------+-------
